 Dungeon Crawl Stone Soup version 0.30.1-11-g7821555f0a (webtiles) character file.

Game seed: 5729415141747436149

50493 Peloso the Fencer (level 14, -27/135 HPs)
             Began as a Minotaur Fighter on Nov 28, 2023.
             Was a High Priest of Okawaru.
             Killed by an exploding orc wizard (30 damage)
             ... ignited by their inner flame
             ... on level 2 of the Orcish Mines.
             The game lasted 00:35:04 (18358 turns).

Peloso the Fencer (Minotaur Fighter)               Turns: 18358, Time: 00:35:04

Health: -27/135    AC: 25    Str: 20    XL:     14   Next: 19%
Magic:  14/14      EV: 14    Int:  5    God:    Okawaru [*****.]
Gold:   1951       SH:  7    Dex: 16    Spells: 13/13 levels left

rFire   . . .        b - +0 long sword (heavy)
rCold   . . .        d - +0 buckler
rNeg    . . .        I - +0 plate armour
rPois   +            e - +1 hat {Will+}
rElec   .            (no cloak)
rCorr   .            R - +2 pair of gloves
SInv    .            m - +2 pair of boots
Will    ++...        g - amulet of regeneration Stlth
                     h - +5 ring of evasion
HPRegen 1.22/turn    s - ring of poison resistance
MPRegen 0.14/turn

%: no passive effects
@: about to teleport, spiked, unable to read
A: horns 2, retaliatory headbutt, inability to read after injury 1
a: Renounce Religion, Heroism, Finesse, Duel


You were on level 2 of the Orcish Mines.
You worshipped Okawaru.
Okawaru was extremely pleased with you.
You visited 4 branches of the dungeon, and saw 20 of its levels.
You also visited: Sewer.

You collected 1951 gold pieces.

Inventory:

Hand Weapons
 a - a +0 scimitar of flaming
 b - a +0 heavy long sword (weapon)
 c - the +1 scimitar of Sin {elec, rF+ SInv}
   (Okawaru gifted it to you on level 3 of the Lair of Beasts)

   rF:        It protects you from fire.
   SInv:      It lets you see invisible.
Missiles
 y - 4 throwing nets (quivered)
Armour
 d - a +0 buckler (worn)
 e - a +1 hat of willpower (worn)
 m - a +2 pair of boots (worn)
 I - a +0 plate armour (worn)
 R - a +2 pair of gloves (worn)
Jewellery
 g - an amulet of regeneration (around neck)
 h - a +5 ring of evasion (left hand)
 s - a ring of poison resistance (right hand)
 x - an amulet of faith
 B - a ring of protection from cold
 G - a +6 ring of strength
 L - a +6 ring of strength
 P - a ring of positive energy
Wands
 r - a wand of iceblast (4)
 v - a wand of digging (8)
 Q - a wand of mindburst (7)
Scrolls
 f - 2 scrolls of magic mapping
 n - 5 scrolls of enchant armour
 p - 3 scrolls of poison
 w - 2 scrolls of brand weapon
 D - a scroll of amnesia
 E - a scroll of acquirement
 H - 5 scrolls of teleportation
 J - 2 scrolls of fog
 M - a scroll of fear
 N - 2 scrolls of immolation
 O - 2 scrolls of enchant weapon
Potions
 i - 2 potions of magic
 j - 4 potions of flight
 k - 6 potions of mutation
 l - 2 potions of cancellation
 o - 3 potions of ambrosia {unknown}
 q - 4 potions of attraction {unknown}
 t - 3 potions of berserk rage {unknown}
 u - 2 potions of lignification {unknown}
 z - 6 potions of haste
 A - 2 potions of brilliance {unknown}
 C - a potion of resistance {unknown}
 F - 5 potions of heal wounds
 K - 2 potions of curing


   Skills:
 + Level 15.0 Fighting
 + Level 16.4 Long Blades
 + Level 15.5 Armour
 + Level 5.8 Dodging
 + Level 2.1 Stealth
 + Level 11.7 Shields
 + Level 1.6 Invocations
 + Level 2.2 Evocations


You had 13 spell levels left.
You didn't know any spells.
Your spell library contained the following spells:

 Spells                   Type           Power      Damage    Failure   Level
 Sandblast                Erth           0%         2d4       100%        1
 Blink                    Tloc           0%         N/A       100%        2
 Lesser Beckoning         Tloc           0%         N/A       100%        2
 Momentum Strike          Conj/Tloc      0%         3d8       100%        2
 Passwall                 Tmut/Erth      0%         N/A       100%        2
 Inner Flame              Hex/Fire       0%         N/A       100%        3
 Portal Projectile        Hex/Tloc       0%         N/A       100%        3
 Stone Arrow              Conj/Erth      0%         3d7       100%        3
 Blade Hands              Tmut           0%         N/A       100%        5
 Yara's Violent Unravell  Hex/Tmut       0%         3d3       100%        5
 Enfeeble                 Hex            0%         N/A       100%        7
 Tukima's Dance           Hex            Unusable   N/A       N/A         3

Dungeon Overview and Level Annotations

Branches:
Dungeon (12/15)            Temple (1/1) D:7            Lair (5/5) D:8
 Shoals (0/4) Lair:2        Snake (0/4) Lair:3          Orc (2/2) D:9
    Elf (0/3) Orc:2         Sewer (visited)
  Slime: Lair:4-5

Altars:
Ashenzari
Cheibriados
Dithmenos
Elyvilon
Fedhas
Gozag
Hepliaklqana
Kikubaaqudgha
Makhleb
Nemelex Xobeh
Okawaru
Qazlal
Ru
Sif Muna
Trog
Uskayaw
Vehumet
Wu Jian
Xom
Yredelemnul
Zin
The Shining One

Shops:
D:8 !   Orc:2 (

Portals:
Trove: D:11 (give 8 scrolls of blinking)


Innate Abilities, Weirdness & Mutations

You have a pair of horns on your head.
You reflexively headbutt those who attack you in melee.
You occasionally lose the ability to read scrolls when taking damage.


Message History

The fiery explosion engulfs the sun demon.
The sun demon completely resists.
The fiery explosion engulfs the orc priest!!
Okawaru accepts your kill. Okawaru grants you throwing weapons!
Something appears at your feet!
The fiery explosion engulfs the red devil.
The red devil completely resists.
The fiery explosion engulfs you!!
You feel threatened and lose the ability to read scrolls!
* * * LOW HITPOINT WARNING * * *
The fiery explosion engulfs the orc high priest!!
Flame seeps out of the orc high priest.
The orc high priest is severely wounded.
The fiery explosion engulfs the orc high priest!!
Flame seeps out of the orc high priest.
The orc high priest is severely wounded.
The orc priest explodes!
The fiery explosion engulfs the red devil.
The red devil completely resists.
The fiery explosion engulfs you.
* * * LOW HITPOINT WARNING * * *
The fiery explosion engulfs the orc high priest!!
Okawaru accepts your kill.
The chaos spawn degenerates into a cloud of primal chaos! x2
The sun demon disappears in a puff of smoke!
The fiery explosion engulfs the orc high priest!
Okawaru accepts your kill.
The sixfirhy disappears in a puff of smoke!
The red devil disappears in a puff of smoke! x2
The orc high priest explodes!
The fiery explosion engulfs something!!!
Okawaru accepts your kill.
You feel a bit more experienced. The fiery explosion engulfs you!!
* * * LOW HITPOINT WARNING * * *
The orc wizard explodes!
The fiery explosion engulfs the orc priest!
Okawaru accepts your kill.
The fiery explosion engulfs the orc wizard!!
Okawaru accepts your kill. The fiery explosion engulfs you!!
You die...

. ##.#...### ###..).
...#.....##.#### #......
#..#..$........###......
#.......................
#. #...........##.....)#
#..#..o4.).........)))##
#....oo§○§....#.......##
#..o§o§§○§...#.##......#
..oooo§@○§..######.....#
o..ooo)§§§...# #........
...ooh§oo....# ##.......
#...o.#.##..## ##......
#.....####### ##.##....
#..... #...##... #...#
##....... #..#
##......#. #.......##


You could see 2 orc high priests, a warg (inner flame), a red devil (summoned,
inner flame), 3 orc warriors, 9 orc priests and 4 orc wizards.

Vanquished Creatures
  Gastronok (D:8)
  2 orc warlords
  Snorg (D:11)
  Josephine (Lair:4)
  A hydra (Lair:3)
  Erica (D:8)
  3 boulder beetles
  2 two-headed ogres
  3 orc high priests (Orc:2)
  Nergalle (D:10)
  Amaemon (Lair:2)
  A deep elf archer (Orc:2)
  An orc knight (Orc:1)
  A deep elf pyromancer (D:12)
  A deep elf zephyrmancer (Orc:2)
  3 orc sorcerers (Orc:2)
  A cyclops (D:12)
  6 elephants (Lair:3)
  2 merfolk sirens (Lair:2)
  2 manticores (D:11)
  8 black mambas
  Joseph (D:9)
  An orange demon (Lair:2)
  2 molten gargoyles (Lair:3)
  A gargoyle (D:12)
  12 cane toads
  2 rime drakes
  2 kobold demonologists (D:12)
  6 komodo dragons
  2 guardian mummies (D:11)
  2 trolls
  2 merfolk (Lair:2)
  3 hornets
  Prince Ribbit (D:8)
  18 blink frogs
  4 dream sheep (Lair:4)
  7 wraiths
  2 shadows (D:11)
  4 wyverns
  2 vampire mosquitoes (D:12)
  41 yaks
  A steam dragon (D:10)
  5 wargs
  10 water moccasins
  A sky beast (D:6)
  7 black bears
  16 orc warriors
  An ice beast (D:7)
  4 centaurs
  7 ogres
  2 phantoms (D:5)
  Blork the orc (D:5)
  3 kobold brigands
  16 bullfrogs
  2 scorpions (D:5)
  27 killer bees
  An electric eel (Lair:1)
  7 howler monkeys
  5 lava snakes (Lair:3)
  5 jellies
  21 orc priests
  A hound (D:5)
  4 iguanas
  A sleepcap (D:6)
  27 orc wizards
  2 hell rats (Lair:1)
  Robin (D:3)
  4 gnolls (D:5)
  9 adders
  12 river rats
  A shadow imp (D:7)
  A white imp (D:8)
  An ufetubus (D:4)
  5 worms
  A dart slug (D:4)
  74 orcs
  9 ball pythons
  7 bats
  15 endoplasms
  7 giant cockroaches
  17 goblins
  15 hobgoblins
  10 jackals
  10 frilled lizards
  10 kobolds
  9 rats
553 creatures vanquished.

Vanquished Creatures (others)
  A human (D:5)
  An orc (D:7)
2 creatures vanquished.

Grand Total: 555 creatures vanquished

Notes
Turn   | Place    | Note
-------+----------+-------------------------------------------
     0 | D:1      | Peloso the Minotaur Fighter began the quest for the Orb.
     0 | D:1      | Reached XP level 1. HP: 19/19 MP: 0/0
    98 | D:1      | You fall into a shaft and drop 1 floor!
   162 | D:1      | Reached XP level 2. HP: 25/27 MP: 1/1
   493 | D:1      | Reached XP level 3. HP: 33/33 MP: 2/2
   763 | D:2      | Identified the +1 robe "Ununoag" {+Inv rN+ Will-}
   890 | D:2      | Reached skill level 3 in Long Blades
  1626 | D:3      | Reached XP level 4. HP: 26/40 MP: 3/3
  1666 | D:3      | Found a glowing drain.
  1701 | Sewer    | Entered a sewer
  1962 | Sewer    | Reached skill level 1 in Dodging
  1975 | Sewer    | Reached skill level 4 in Long Blades
  1975 | Sewer    | Reached XP level 5. HP: 44/47 MP: 4/4
  2139 | Sewer    | Reached skill level 5 in Fighting
  2210 | Sewer    | Found a viscous altar of Jiyva.
  2430 | D:3      | Reached skill level 5 in Long Blades
  2575 | D:3      | Reached XP level 6. HP: 46/56 MP: 5/5
  2881 | D:3      | Found an ornate altar of the Wu Jian Council.
  2881 | D:3      | Found an opulent altar of Gozag.
  3225 | D:4      | Noticed Robin
  3247 | D:3      | Killed Robin
  3549 | D:4      | Reached skill level 6 in Long Blades
  3549 | D:4      | Reached skill level 5 in Armour
  3576 | D:4      | Reached XP level 7. HP: 59/61 MP: 6/6
  3879 | D:4      | Identified the +1 flail of Toujyikk {pain, Dex+2}
  4012 | D:5      | Entered Level 5 of the Dungeon
  4189 | D:5      | Reached skill level 7 in Long Blades
  4203 | D:5      | Found an ancient bone altar of Kikubaaqudgha.
  4206 | D:5      | Noticed a human
  4208 | D:5      | Killed a human
  4631 | D:5      | Reached skill level 5 in Shields
  4840 | D:6      | Found a shimmering blue altar of Sif Muna.
  4840 | D:6      | Found a white marble altar of Elyvilon.
  4840 | D:6      | Found a glowing silver altar of Zin.
  4840 | D:6      | Found a sparkling altar of Nemelex Xobeh.
  4853 | D:6      | Reached XP level 8. HP: 65/70 MP: 7/7
  4868 | D:5      | Reached skill level 8 in Long Blades
  5057 | D:6      | Reached skill level 9 in Long Blades
  5215 | D:6      | Noticed Blork the orc
  5236 | D:5      | Killed Blork the orc
  5659 | D:7      | Reached skill level 10 in Long Blades
  5659 | D:7      | Reached XP level 9. HP: 50/78 MP: 8/8
  5842 | D:7      | Found a staircase to the Ecumenical Temple.
  5865 | Temple   | Entered the Ecumenical Temple
  5922 | Temple   | Became a worshipper of Warmaster Okawaru
  6049 | Temple   | Reached * piety under Okawaru
  6355 | D:7      | Identified the +2 cloak of Tasuhin {Drain Fly Int+5}
  6672 | D:8      | Found Jusheceps's Distillery.
  6788 | D:8      | Reached skill level 11 in Long Blades
  6924 | D:8      | Noticed Gastronok
  6937 | D:8      | Killed Gastronok
  6937 | D:8      | Reached ** piety under Okawaru
  6938 | D:8      | Reached skill level 1 in Stealth
  6938 | D:8      | Reached XP level 10. HP: 64/88 MP: 9/9
  7054 | D:8      | Noticed Erica
  7060 | D:8      | Killed Erica
  7060 | D:8      | Reached *** piety under Okawaru
  7061 | D:8      | Reached skill level 12 in Long Blades
  7275 | D:8      | Noticed Prince Ribbit
  7285 | D:8      | Killed Prince Ribbit
  7286 | D:8      | Reached skill level 10 in Armour
  7453 | D:8      | Found a staircase to the Lair.
  7539 | D:9      | Reached skill level 1 in Evocations
  7738 | D:9      | Reached **** piety under Okawaru
  7833 | D:9      | Reached skill level 13 in Long Blades
  7936 | D:9      | Noticed Joseph
  7947 | D:9      | Killed Joseph
  8080 | D:9      | Reached XP level 11. HP: 94/95 MP: 10/10
  8495 | D:9      | Found a staircase to the Orcish Mines.
  8777 | D:10     | Entered Level 10 of the Dungeon
  9010 | D:10     | Noticed Nergalle
  9025 | D:10     | Killed Nergalle
  9591 | D:11     | Reached skill level 14 in Long Blades
  9631 | D:11     | Reached ***** piety under Okawaru
  9648 | D:11     | Reached skill level 10 in Fighting
  9746 | D:11     | Received a gift from Okawaru
  9907 | D:11     | Noticed a boulder beetle
  9930 | D:11     | Killed a boulder beetle
 10335 | D:11     | Noticed a two-headed ogre
 10345 | D:11     | Killed a two-headed ogre
 10412 | D:11     | Noticed Snorg
 10428 | D:11     | Killed Snorg
 10790 | D:11     | Reached skill level 5 in Dodging
 10790 | D:11     | Reached XP level 12. HP: 110/110 MP: 8/11
 10790 | D:11     | Found a portal to a secret trove of treasure.
 10936 | Lair:1   | Entered Level 1 of the Lair of Beasts
 11137 | Lair:1   | Noticed a boulder beetle
 11226 | Lair:1   | Killed a boulder beetle
 11616 | Lair:1   | Identified the +1 hat "Xaun Gaux" {rN+ Str+6 Int-4}
                  | (Okawaru gifted it to you on level 1 of the Lair of Beasts)
 11616 | Lair:1   | Received a gift from Okawaru
 11753 | Lair:1   | Reached skill level 1 in Invocations
 12940 | Lair:2   | Noticed Amaemon
 13040 | Lair:2   | Reached skill level 15 in Long Blades
 13238 | Lair:2   | Killed Amaemon
 13525 | Lair:2   | Found a staircase to the Shoals.
 13762 | Lair:3   | Reached XP level 13. HP: 113/122 MP: 12/12
 13770 | Lair:3   | Identified the +1 scimitar of Sin {elec, rF+ SInv} (Okawaru
                  | gifted it to you on level 3 of the Lair of Beasts)
 13770 | Lair:3   | Received a gift from Okawaru
 14060 | Lair:3   | You fall into a shaft and drop 2 floors!
 14060 | Lair:5   | Entered Level 5 of the Lair of Beasts
 14141 | Lair:4   | Noticed Josephine
 14150 | Lair:4   | Killed Josephine
 14265 | Lair:3   | Reached skill level 10 in Shields
 14377 | Lair:3   | Identified the +11 broad axe of Anger {heavy, MP+9 Int+2
                  | Dex-2} (Okawaru gifted it to you on level 3 of the Lair of
                  | Beasts)
 14377 | Lair:3   | Received a gift from Okawaru
 14414 | Lair:3   | Found a staircase to the Snake Pit.
 14571 | Lair:3   | Reached skill level 16 in Long Blades
 15119 | Lair:3   | Identified a scroll of acquirement
 15337 | Lair:4   | Identified the +4 scimitar "Minotaur's Curse" {freeze,
                  | rElec rF- SInv}
 16218 | D:12     | Identified the +9 great mace of Action {antimagic, *Noise
                  | rCorr Int+2 Dex+3} (Okawaru gifted it to you on level 12 of
                  | the Dungeon)
 16218 | D:12     | Received a gift from Okawaru
 16597 | D:12     | Reached skill level 15 in Armour
 17001 | Orc:1    | Entered Level 1 of the Orcish Mines
 17001 | Orc:1    | Noticed an orc warlord
 17087 | D:9      | Killed an orc warlord
 17617 | Orc:2    | Entered Level 2 of the Orcish Mines
 17630 | Orc:2    | Reached XP level 14. HP: 125/125 MP: 14/14
 17691 | Orc:2    | Found Xiziaski's Weapon Boutique.
 17876 | Orc:2    | Found a staircase to the Elven Halls.
 18061 | Orc:2    | Identified the +3 scimitar of Vaxkiny {drain, Int+4}
 18092 | Orc:2    | Noticed an orc warlord
 18108 | Orc:2    | Killed an orc warlord
 18340 | Orc:2    | Gained mutation: You occasionally lose the ability to read
                  | scrolls when taking damage. [a neqoxec]
 18349 | Orc:2    | Reached skill level 15 in Fighting
 18358 | Orc:2    | Received a gift from Okawaru
 18358 | Orc:2    | HP: 3/135 [spore (27)]
 18358 | Orc:2    | Killed by an exploding orc wizard... ignited by their inner
                  | flame

Illustrated notes

Levels and vault maps discovered:
D:1:      ldierk_walled_garden, layout_basic, serial_bayou, serial_bayou_pond_c,
          serial_bayou_pond_c, serial_bayou_pond_c, serial_bayou_pond_d
D:2:      layout_loops_corners, minmay_cut_off
D:3:      layout_loops_ring, gammafunk_temple_overflow_elements,
          cheibrodos_sewer_entry_bend, minivault_14, minmay_strange_pillars,
          dreamdust_princess_bridge, wander_ebering_terrifying_dragon_lair
D:4:      layout_gridville, nicolae_half_adder, uniq_robin
D:5:      layout_loops_cross, tgw_kikubaaqudgha, minivault_27
D:6:      layout_rooms, grunt_temple_overflow_open, uniq_blork_the_orc
D:7:      layout_cave_pools, minmay_temple_entry_junction, serial_park_tiny_pond
D:8:      layout_basic, lair_entry_dummy, serial_shops, nicolae_stop_n_shop_1,
          uniq_gastronok, uniq_prince_ribbit1, uniq_erica
D:9:      layout_grid_maze, hiddenorc1_lemuel, kennysheep_generic_room_7,
          uniq_joseph
D:10:     layout_long_grid, uniq_nergalle
D:11:     layout_roguey, nicolae_trove_entry_path_of_doom, uniq_snorg
D:12:     layout_irregular_city
Temple:   nicolae_temple_superstar
Lair:1:   layout_big_grid, kennysheep_rathole, grunt_megastairs_2,
          serial_bayou_shore_a
Lair:2:   layout_hall_layers, elwin_shoals_entry_stream, uniq_amaemon
Lair:3:   cheibrodos_magma_flow, layout_gridlike,
          minmay_snake_entry_six_corridors, nicolae_quartered_pool_impasse
Lair:4:   layout_hall_layers, lemuel_fruit_fields, infiniplex_staircase_pool_2,
          grunt_megastairs_3, uniq_josephine
Lair:5:   evilmike_catoblepas_cave, layout_regular_city,
          minmay_slime_entry_pillars, chequers_serial_rivers_small_b
Orc:1:    layout_caves, basic_altar
Orc:2:    st_orc_mages, layout_diamond_mine, serial_shops,
          nicolae_shop_bloodbath_and_beyond, elf_legates

Skill      XL: |  1  2  3  4  5  6  7  8  9 10 11 12 13 14 |
---------------+-------------------------------------------+-----
Armour         | 4 5 6 7 9 10 12 13 15 | 15.5
Fighting       | 4 5 6 8 11 13 14 15 | 15.0
Shields        | 4 5 7 8 9 11 | 11.7
Long Blades    | 3 4 5 6 7 10 11 13 14 15 16 | 16.4
Dodging        | 1 2 3 4 5 |  5.8
Stealth        | 1 2 |  2.1
Evocations     | 1 2 |  2.2
Invocations    | 1 |  1.6

Action                     |  1- 3 |  4- 6 |  7- 9 | 10-12 | 13-15 || total
---------------------------+-------+-------+-------+-------+-------++-------
  Melee: Long sword        |   119 |   196 |   353 |    15 |   122 ||   805
         Headbutt          |    14 |    32 |    68 |   170 |   159 ||   443
         Scimitar          |       |       |       |   682 |   442 ||  1124
 Invoke: Heroism           |       |       |       |     8 |     6 ||    14
  Evoke: Wand              |       |       |     1 |    17 |       ||    18
    Use: Scroll            |     5 |     2 |       |     4 |     9 ||    20
         Potion            |     5 |     1 |     1 |     1 |     1 ||     9
 Armour: Scale mail        |    71 |       |       |       |       ||    71
         Chain mail        |       |    99 |   189 |    16 |       ||   304
         Plate armour      |       |       |       |   261 |   269 ||   530
  Dodge: Dodged            |    66 |   126 |   241 |   464 |   346 ||  1243
  Block: Buckler           |    38 |    48 |   102 |   228 |   238 ||   654
